 Dungeon Crawl Stone Soup version 0.30-a0-782-ge64f9170bb (webtiles) character file.

Game seed: 127003839463160480

1039 mopl the Vexing (level 8, -9/41 HPs)
             Began as a Deep Elf Enchanter on Mar 13, 2023.
             Was a Follower of Dithmenos.
             Mangled by an orc
             ... wielding a +0 falchion of electrocution
              (19 damage)
             ... on level 5 of the Dungeon.
             The game lasted 00:06:42 (3959 turns).

mopl the Vexing (Deep Elf Enchanter)                Turns: 3959, Time: 00:06:43

Health: -9/41      AC:  6    Str:  5    XL:     8   Next: 4%
Magic:  5/19       EV: 12    Int: 23    God:    Dithmenos [*.....]
Gold:   226        SH:  5    Dex: 15    Spells: 8/19 levels left

rFire   . . .      SeeInvis .    a - +1 dagger
rCold   . . .      Faith    .    d - +0 buckler
rNeg    . . .      Spirit   .    y - +0 robe
rPois   .          Reflect  .    l - +0 helmet
rElec   .          Harm     .    p - +0 cloak
rCorr   .          Rampage  .    j - +1 pair of gloves {Stlth+}
Will    +....                    (no boots)
Stlth   +++++                    (no amulet)
HPRegen 0.26/turn                g - ring of flight
MPRegen 0.16/turn                m - ring of willpower

@: flying, wreathed by umbra
A: no striking features
a: Renounce Religion


You were on level 5 of the Dungeon.
You worshipped Dithmenos.
Dithmenos was aware of your devotion.
You visited 1 branch of the dungeon, and saw 5 of its levels.

You collected 226 gold pieces.

Inventory:

Hand Weapons
 a - a +1 dagger (weapon)
 b - a +0 trident of venom
Missiles
 A - 3 atropa-tipped darts
 B - 2 poisoned darts
Armour
 d - a +0 buckler (worn)
 j - a +1 pair of gloves of stealth (worn)
 l - a +0 helmet (worn)
 p - a +0 cloak (worn)
 y - a +0 robe (worn)
Jewellery
 g - a ring of flight (left hand)
 m - a ring of willpower (right hand)
Wands
 C - a wand of paralysis (7)
Scrolls
 e - 3 scrolls of fog {unknown}
 i - 3 scrolls of identify {unknown}
 k - a scroll of poison {unknown}
 n - 4 scrolls of amnesia {unknown}
 o - 2 scrolls of enchant weapon {unknown}
 r - a scroll of enchant armour {unknown}
 u - a scroll of vulnerability {unknown}
 w - 2 scrolls of teleportation {unknown}
Potions
 c - 2 potions of invisibility
 f - a potion of might
 h - a potion of berserk rage {unknown}
 q - a potion of lignification {unknown}
 s - a potion of ambrosia {unknown}
 t - a potion of mutation {unknown}
 v - a potion of curing
 x - a potion of heal wounds {unknown}
 z - a potion of brilliance {unknown}


   Skills:
 + Level 4.1 Short Blades
 - Level 2.4 Dodging
 + Level 6.6 Stealth
 + Level 3.1 Shields
 + Level 6.2 Spellcasting
 + Level 6.8 Hexes


You had 8 spell levels left.
You knew the following spells:

 Your Spells              Type           Power      Damage    Failure   Level
a - Dazzling Flash        Conj/Hex       44%        N/A       9%          3
b - Ensorcelled Hibernat  Hex/Ice        44%        N/A       4%          2
c - Confusing Touch       Hex            38%        N/A       1%          3
d - Tukima's Dance        Hex            38%        N/A       1%          3

Your spell library contained the following spells:

 Spells                   Type           Power      Damage    Failure   Level
 Summon Guardian Golem    Hex/Summ       22%        N/A       9%          3
 Summon Small Mammal      Summ           28%        N/A       11%         1
 Call Canine Familiar     Summ           7%         N/A       32%         3
 Frozen Ramparts          Ice            14%        1d3       32%         3
 Ice Form                 Ice/Tmut       7%         N/A       73%         4
 Summon Ice Beast         Ice/Summ       7%         N/A       73%         4


Dungeon Overview and Level Annotations

Branches:
Dungeon (5/15)
 Temple: D:4-7

Altars:
Dithmenos


Message History

You barely miss the orc. The orc hits you but does no damage.
The orc priest casts a cantrip, but nothing happens.
The orc looks drowsy...
The orc shouts!
The helpless orc fails to defend itself.
You impale the orc!!
You kill the orc!
Dithmenos accepts your kill. You block the orc priest's attack.
Things that are here:
a +0 club; an orc corpse The orc priest resists with significant effort.
The orc priest barely misses you.
You closely miss the orc priest. The orc priest barely misses you.
The orc priest resists with significant effort.
The orc priest misses you. The orc misses you.
The orc priest looks drowsy...
The orc hits you with a +0 falchion of electrocution.
The helpless orc priest fails to defend itself.
You skewer the orc priest like a kebab!!!
You kill the orc priest!
Dithmenos accepts your kill. The orc closely misses you.
The iguana resists with significant effort.
The orc completely misses you. The iguana completely misses you.
You barely miss the iguana.
The orc hits you with a +0 falchion of electrocution.
You are electrocuted!
The iguana bites you!
* * * LOW HITPOINT WARNING * * *
You are too injured to fight recklessly!
The orc attacks as you move away! The orc closely misses you.
The iguana attacks as you move away! The iguana barely misses you.
You see here a hound corpse.
The orc attacks as you move away! The orc closely misses you.
The iguana hisses menacingly.
The orc attacks as you move away!
The orc hits you with a +0 falchion of electrocution.
* * * LOW HITPOINT WARNING * * *
You are electrocuted!!
You die...

................# ###
#.........)....# ####..
#.....####)##### #.#...
#.....####†#####.# .. #....
#.....+..........#....#....
#.l...####.######.. ..#...#
#..... #l# ... #.###.
#..... #o# ## ..###...#
##.### #@# #.###.#....# #.#
##...#..>.)# #.#
##....#....#. #.##
#.....#...###
#.##.#....#.###.#.
#.##.#...###...#.. #.#
#.###.#....#). #.#
##...#.....#..
#.###....#....#.##


You could see an iguana and an orc.

Vanquished Creatures
  Eustachio (D:5)
  A black bear (D:5)
  A centaur (D:5)
  2 ogres (D:5)
  A scorpion (D:4)
  6 hounds
  2 orc priests (D:5)
  4 orc wizards (D:5)
  An iguana (D:3)
  2 adders
  A shadow imp (D:4)
  An ufetubus (D:4)
  A worm (D:2)
  5 dart slugs
  9 orcs
  8 ball pythons
  2 bats (D:2)
  11 endoplasms
  5 giant cockroaches
  9 goblins
  8 hobgoblins
  9 jackals (D:2)
  6 quokkas
  5 frilled lizards
  5 kobolds
  15 rats
121 creatures vanquished.

Notes
Turn   | Place    | Note
-------+----------+-------------------------------------------
     0 | D:1      | mopl the Deep Elf Enchanter began the quest for the Orb.
     0 | D:1      | Reached XP level 1. HP: 10/10 MP: 6/6
    95 | D:1      | Reached XP level 2. HP: 14/15 MP: 8/8
   106 | D:1      | Learned a level 2 spell: Ensorcelled Hibernation
   263 | D:1      | You are sucked into a shaft and drop 1 floor!
   331 | D:1      | Reached skill level 4 in Stealth
   418 | D:1      | Reached XP level 3. HP: 19/19 MP: 9/9
   465 | D:1      | Learned a level 3 spell: Confusing Touch
   469 | D:1      | Learned a level 3 spell: Tukima's Dance
   933 | D:2      | Reached skill level 1 in Shields
  1066 | D:2      | Reached XP level 4. HP: 24/24 MP: 11/11
  1575 | D:2      | Reached skill level 2 in Short Blades
  1850 | D:3      | Reached skill level 4 in Spellcasting
  2361 | D:3      | Reached skill level 5 in Hexes
  2361 | D:3      | Reached XP level 5. HP: 28/28 MP: 7/13
  2368 | D:3      | Learned a level 3 spell: Dazzling Flash
  2509 | D:4      | Found a shadowy altar of Dithmenos.
  2512 | D:4      | Became a worshipper of Dithmenos the Shadowed
  2711 | D:4      | Reached skill level 5 in Stealth
  2839 | D:4      | Reached XP level 6. HP: 32/32 MP: 14/14
  3119 | D:5      | Entered Level 5 of the Dungeon
  3199 | D:5      | Reached skill level 2 in Shields
  3268 | D:5      | Reached skill level 3 in Short Blades
  3284 | D:5      | Reached skill level 5 in Spellcasting
  3335 | D:5      | Reached skill level 6 in Hexes
  3335 | D:5      | Reached XP level 7. HP: 36/36 MP: 13/17
  3411 | D:5      | Reached skill level 6 in Stealth
  3488 | D:5      | Noticed Eustachio
  3494 | D:5      | Killed Eustachio
  3685 | D:5      | Reached skill level 3 in Shields
  3685 | D:5      | Reached skill level 6 in Spellcasting
  3928 | D:5      | Reached skill level 4 in Short Blades
  3937 | D:5      | Reached * piety under Dithmenos
  3938 | D:5      | Reached XP level 8. HP: 31/41 MP: 13/19
  3959 | D:5      | Mangled by an orc

Illustrated notes

Levels and vault maps discovered:
D:1:      beargit_arrival_greenhouse, layout_rooms, st_stairs_14,
          minmay_rat_gold_closets
D:2:      layout_loops_ring, minmay_hexomino_u4
D:3:      layout_loops_ring
D:4:      layout_basic, grunt_dithmenos_smoke_and_mirrors
D:5:      nicolae_BIG_FREAKIN_CUBE, layout_basic, uniq_eustachio

Skill      XL: |  1  2  3  4  5  6  7 |
---------------+----------------------+-----
Stealth        | 4 5 6 |  6.6
Shields        | 1 2 3 |  3.1
Short Blades   | 2 3 4 |  4.1
Spellcasting   | 4 5 6 |  6.2
Hexes          | 5 6 |  6.8
Dodging        | |  2.4

Action                     |  1- 3 |  4- 6 |  7- 9 || total
---------------------------+-------+-------+-------++-------
  Melee: Dagger            |   131 |   136 |    54 ||   321
         Trident           |       |     7 |       ||     7
   Cast: Ensorcelled Hiber |     9 |    28 |    24 ||    61
         Dazzling Flash    |       |       |     2 ||     2
    Use: Potion            |       |       |     2 ||     2
   Stab: Distracted        |     1 |       |     1 ||     2
         Sleeping          |    24 |    33 |    12 ||    69
 Armour: Robe              |    29 |    34 |    19 ||    82
  Dodge: Dodged            |    55 |    85 |    30 ||   170
  Block: Buckler           |    20 |    25 |    10 ||    55

Table legend: (Time is in decaauts)
 A = Elapsed time spent in this place.
 B = Non-inter-level travel time spent in this place.
 C = Inter-level travel time spent in this place.
 D = Time resting spent in this place.
 E = Time spent auto-exploring this place.
 F = Levels seen in this place.
 G = Mean time per level.
                   A        B        C        D        E       F      G
               +--------+--------+--------+--------+--------+-----+--------+
         Total |   3935 |   3843 |     92 |    538 |   2314 |   5 |  787.0 |
       Dungeon |   3935 |   3843 |     92 |    538 |   2314 |   5 |  787.0 |
               +--------+--------+--------+--------+--------+-----+--------+

Top non-repeatable levels by time:
     D:2: 962 daAuts
     D:5: 830 daAuts
     D:3: 775 daAuts
     D:4: 724 daAuts
     D:1: 642 daAuts
